 Dungeon Crawl Stone Soup version 0.32-a0-876-gcfddb08e57 (webtiles) character file.

Game seed: 1486237313800365850

257558 Foxy the Fetichist (level 19, -1/157 HPs)
             Began as a Coglin Monk on Apr 2, 2024.
             Was the Champion of Okawaru.
             Killed from afar by an ironbound frostheart (31 damage)
             ... by creeping frost
             ... on level 1 of the Vaults.
             The game lasted 01:55:57 (47021 turns).

Foxy the Fetichist (Coglin Monk)                   Turns: 47021, Time: 01:55:58

Health: -1/157     AC: 14    Str: 14    XL:     19   Next: 84%
Magic:  30/30      EV: 24    Int: 11    God:    Okawaru [******]
Gold:   1987       SH:  0    Dex: 23    Spells: 18/18 levels left

rFire   + . .        I - +9 quick blade (heavy) {Thoko}
rCold   . . .        X - +3 quick blade (venom) {Manveen}
rNeg    . . .        K - +3 robe of Clouds {*Thunder rCloud rElec}
rPois   +            t - +0 hat of Blue Divine Compulsion {Will+}
rElec   +            f - +2 cloak {Stlth+}
rCorr   +            h - +3 pair of gauntlets of War {Slay+5}
SInv    .            M - +0 pair of boots of Usocs {rPois rF+ Str+2}
Will    ++...        (amulet unavailable)
Stlth   ++++++       (ring unavailable)
HPRegen 0.46/turn    (ring unavailable)
MPRegen 0.22/turn    Q - ablative subsystem {rPois rCorr Slay+3 Clar RMsl}

%: repel missiles, clarity
@: revving
A: off-hand wielding, slow wielding, warmup strikes, no jewellery
}: 2/15 runes: decaying, serpentine
a: Renounce Religion, Heroism, Finesse, Duel


You were on level 1 of the Vaults.
You worshipped Okawaru.
Okawaru was exalted by your worship.
You visited 7 branches of the dungeon, and saw 32 of its levels.
You also visited: Gauntlet and Ice Cave.

You collected 4819 gold pieces.
You spent 2832 gold pieces at shops.

Inventory:

Hand Weapons
 I - a +9 heavy quick blade (weapon) {Thoko}
 X - a +3 quick blade of venom (offhand) {Manveen}
Missiles
 a - 5 atropa-tipped darts
 g - 8 silver javelins
 B - 10 throwing nets
 H - 4 curare-tipped darts (quivered)
 V - 4 darts of dispersal
Armour
 d - an orb of light
 f - a +2 cloak of stealth (worn)
 h - the +3 pair of gauntlets of War (worn) {Slay+5}
   (You bought it in a shop on level 2 of the Orcish Mines)

   Slay+5:    It affects your accuracy & damage with ranged weapons and melee
   (+5).
 k - a +2 robe of positive energy
 m - the +2 hat "Aptiy" {+Inv rElec Str+5 Dex-4}
   (You found it on level 2 of the Orcish Mines)

   Str+5:     It affects your strength (+5).
   Dex-4:     It affects your dexterity (-4).
   rElec:     It insulates you from electricity.
   +Inv:      It lets you turn invisible.
 t - the +0 hat of Blue Divine Compulsion (worn) {Will+}
   (You found it on level 2 of the Orcish Mines)

   Will+:     It increases your willpower.
 x - the +3 hat of Pondering {ponderous, Will+ MP+10 Int+5}
   (You took it off Gastronok on level 1 of the Lair of Beasts)

   Int+5:     It affects your intelligence (+5).
   Will+:     It increases your willpower.
   MP+10:     It affects your magic capacity (+10).
 G - the scarf of Hedge Wizardry {rC+ rF+, Str+4 Int+3}
   (You acquired it on level 3 of the Lair of Beasts)

   Str+4:     It affects your strength (+4).
   Int+3:     It affects your intelligence (+3).
 K - the +3 robe of Clouds (worn) {*Thunder rCloud rElec}
   (You found it on level 3 of the Lair of Beasts)

   *Thunder:  It occasionally creates storm clouds above nearby enemies.
   rCloud:    It grants its wearer immunity to clouds.
   rElec:     It insulates you from electricity.
 M - the +0 pair of boots of Usocs (worn) {rPois rF+ Str+2}
   (Okawaru gifted it to you on level 3 of the Lair of Beasts)

   Str+2:     It affects your strength (+2).
   rF+:       It protects you from fire.
   rPois:     It protects you from poison.
Gizmo
 Q - an ablative subsystem (installed) {rPois rCorr Slay+3 Clar RMsl}
   (You invented it yourself on level 5 of the Lair of Beasts)

   [ablative subsystem]

   Slay+3:    It affects your accuracy & damage with ranged weapons and melee
   (+3).
   rPois:     It protects you from poison.
   Clar:      It protects you from confusion, rage, mesmerisation and fear.
   RMsl:      It protects you from missiles.
   rCorr:     It protects you from acid and corrosion.
Wands
 u - a wand of flame (42)
 D - a wand of mindburst (8)
 N - a wand of warping (17)
 U - a wand of digging (16)
Scrolls
 c - 13 scrolls of teleportation
 i - 5 scrolls of immolation
 n - a scroll of fear
 p - 2 scrolls of fog
 s - 5 scrolls of torment
 v - 2 scrolls of silence
 w - 2 scrolls of brand weapon
 y - 6 scrolls of vulnerability
 z - 6 scrolls of enchant armour
 C - 15 scrolls of identify
 L - 3 scrolls of blinking
 S - 2 scrolls of poison
Potions
 b - 7 potions of attraction
 e - 5 potions of brilliance
 j - 2 potions of lignification
 o - 9 potions of mutation
 q - a potion of resistance
 A - 2 potions of enlightenment
 E - 7 potions of curing
 F - a potion of ambrosia
 O - 2 potions of haste
 P - 2 potions of heal wounds
 R - 3 potions of magic
 T - 2 potions of might
 W - a potion of berserk rage


   Skills:
 + Level 15.9 Fighting
 - Level 14.0 Short Blades
 - Level 6.0 Throwing
 - Level 5.0 Armour
 + Level 15.8 Dodging
 + Level 9.1 Stealth
 * Level 15.3 Invocations
 * Level 16.1 Evocations


You had 18 spell levels left.
You didn't know any spells.
Your spell library contained the following spells:

 Spells                   Type           Power      Damage    Failure   Level
 Foxfire                  Conj/Fire      0%         2x1d4     34%         1
 Kiss of Death            Conj/Necr      0%         2d5       34%         1
 Magic Dart               Conj           0%         1d3       34%         1
 Slow                     Hex            0%         N/A       34%         1
 Sting                    Conj/Alch      0%         1d3       34%         1
 Blink                    Tloc           0%         N/A       47%         2
 Cigotuvi's Dreadful Rot  Necr/Alch/Air  0%         N/A       47%         2
 Lesser Beckoning         Tloc           0%         N/A       47%         2
 Mercury Vapours          Alch/Air       0%         N/A       47%         2
 Static Discharge         Conj/Air       0%         3-3/arc   47%         2
 Confusing Touch          Hex            0%         N/A       71%         3
 Stone Arrow              Conj/Erth      0%         3d7       71%         3
 Teleport Other           Tloc           0%         N/A       71%         3
 Vampiric Draining        Necr           0%         2d6       71%         3
 Airstrike                Air            0%         2d(0-16)  98%         4
 Anguish                  Hex/Necr       0%         N/A       98%         4
 Brom's Barrelling Bould  Conj/Erth      0%         2d3       98%         4
 Dimensional Bullseye     Hex/Tloc       0%         N/A       98%         4
 Dispel Undead            Necr           0%         3d6       98%         4
 Ignite Poison            Fire/Alch      0%         N/A       98%         4
 Iskenderun's Mystic Bla Conj/Tloc 0%             2d3        (+2d1     98%         4
 Maxwell's Portable Pile  Tloc           0%         2d(5-10)  98%         4
 Olgreb's Toxic Radiance  Alch           0%         N/A       98%         4
 Arcjolt                  Conj/Air       0%         1d10      100%        5
 Fireball                 Conj/Fire      0%         3d3       100%        5
 Freezing Cloud           Conj/Ice/Air   0%         6-21      100%        5
 Iskenderun's Battlesphe  Conj           0%         2d6       100%        5
 Conjure Ball Lightning   Conj/Air       0%         3x3d6     100%        6
 Dispersal                Tloc           0%         N/A       100%        6
 Eringya's Noxious Bog    Alch           0%         4d6       100%        6
 Gell's Gavotte           Tloc           0%         2d(11-16) 100%        6
 Plasma Beam              Fire/Air       0%         2x1d10    100%        6
 Starburst                Conj/Fire      0%         6d3       100%        6
 Manifold Assault         Tloc           0%         N/A       100%        7
 Orb of Destruction       Conj           0%         9d5       100%        7
 Discord                  Hex            0%         N/A       100%        8
 Disjunction              Tloc           0%         N/A       100%        8
 Lehudib's Crystal Spear  Conj/Erth      0%         10d2      100%        8
 Maxwell's Capacitive Co  Air            0%         ∞         100%        8
 Call Imp                 Summ           Unusable   N/A       N/A         2
 Tukima's Dance           Hex            Unusable   N/A       N/A         3
 Animate Armour           Summ/Erth      Unusable   N/A       N/A         4
 Animate Dead             Necr           Unusable   N/A       N/A         4
 Martyr's Knell           Necr/Summ      Unusable   N/A       N/A         4
 Summon Lightning Spire   Summ/Air       Unusable   N/A       N/A         4
 Summon Forest            Summ/Tloc      Unusable   N/A       N/A         5
 Summon Hydra             Summ           Unusable   N/A       N/A         7

Dungeon Overview and Level Annotations

Branches:
Dungeon (15/15)            Temple (1/1) D:7            Lair (5/5) D:10
  Swamp (4/4) Lair:3        Snake (4/4) Lair:2        Slime (0/5) Lair:5
    Orc (2/2) D:12            Elf (0/3) Orc:2        Vaults (1/5) D:14
 Depths (0/4) D:15          IceCv (visited)         Gauntlet (visited)

Altars:
Ashenzari
Cheibriados
Dithmenos
Elyvilon
Fedhas
Gozag
Hepliaklqana
Kikubaaqudgha
Makhleb
Nemelex Xobeh
Okawaru
Qazlal
Ru
Sif Muna
Trog
Uskayaw
Vehumet
Wu Jian
Xom
Yredelemnul
Zin
The Shining One

Shops:
D:7 (   D:8 ?   D:9 (   D:11 *   D:15 (   Orc:1 (:   Orc:2 [[[?   Snake:2 ?
Snake:3 (

Annotations:
D:7 exclusion: oklob plant
Lair:3 1 runed translucent door, Fetsenlu's ghost, journeyman CoHu


Innate Abilities, Weirdness & Mutations

You can wield a second weapon in your off-hand.
It takes a long time for you to wield or remove held weapons.
Your first few attacks do less damage.
You cannot equip rings or amulets.


Message History

You impale the deep troll with your +9 heavy quick blade!!
You puncture the deep troll with your +9 heavy quick blade!
The deep troll is heavily wounded.
You puncture the deep troll with your +3 quick blade of venom!
You closely miss the deep troll with your +3 quick blade of venom.
The deep troll is severely wounded.
The deep troll bites you!
* * * LOW HITPOINT WARNING * * *
The deep troll completely misses you.
The deep troll claws you but does no damage.
You completely miss the deep troll with your +3 quick blade of venom.
You hit the deep troll with your +3 quick blade of venom.
The deep troll is poisoned.
The deep troll is severely wounded.
You closely miss the deep troll with your +9 heavy quick blade.
You impale the deep troll with your +9 heavy quick blade!!
You kill the deep troll!
Okawaru accepts your kill. The ironbound frostheart touches you.
* * * LOW HITPOINT WARNING * * *
The ironbound frostheart freezes you!
* * * LOW HITPOINT WARNING * * *
Things that are here:
a +1 dire flail of protection; a +0 leather armour; a human corpse You closely miss the ironbound frostheart with your +9 heavy quick blade. x2
You hit the ironbound frostheart with your +3 quick blade of venom.
The ironbound frostheart is poisoned.
You hit the ironbound frostheart with your +3 quick blade of venom.
The ironbound frostheart looks as sick as possible!
The ironbound frostheart is lightly wounded.
The ironbound frostheart completely misses you.
You puncture the ironbound frostheart with your +3 quick blade of venom! x2
The ironbound frostheart looks as sick as possible!
The ironbound frostheart is heavily wounded.
You hit the ironbound frostheart with your +9 heavy quick blade.
You hit the ironbound frostheart but do no damage.
The ironbound frostheart is severely wounded.
The ironbound frostheart calls freezing cold from the walls.
The frost grips you!!
You die...

.# ##....^..[÷####..#######..#...
.##.........÷...# .........#...
.##.............# .........'...
.##.............# ##########...
.##...........))# #############
.######.....###(#####......'.....
.# #.....# #[##.##......#..... .#
##...## ##p.###.∩....#..... .#
##### ##@.###......#..... .#
#.##.##...^..#..... .#
#######......+...^. ##
#############


You could see an ironbound frostheart (extremely poisoned).

Vanquished Creatures
  Mara (Snake:4)
  Bai Suzhen (Swamp:3)
  Saint Roka (Snake:2)
  A golden dragon (IceCv)
  A bone dragon (Swamp:4)
  2 tentacled monstrosities (Swamp:4)
  Gastronok (Lair:1)
  Roxanne (D:14)
  A storm dragon (D:12)
  Aizul (Snake:1)
  3 nagarajas (Snake:4)
  2 vault wardens (Vaults:1)
  A fire giant (D:12)
  A stone giant (Orc:2)
  An orc warlord (Orc:2)
  3 ironbound preservers (Vaults:1)
  3 eleionomae
  2 bunyips (Swamp:4)
  Azrael (D:14)
  A minotaur (Gauntlet)
  A shambling mangrove (Swamp:3)
  A fire dragon (D:15)
  A yaktaur captain (Vaults:1)
  A great orb of eyes (Vaults:1)
  Harold (D:11)
  Fannar (D:11)
  6 ice dragons
  3 ogre magi
  7 salamander tyrants
  5 vault guards
  5 centaur warriors
  3 ghost crabs
  2 ironbound frosthearts
  8 hydras
  13 anacondas
  A spriggan air mage (Swamp:4)
  A catoblepas (Lair:2)
  17 two-headed ogres
  5 alligators
  4 boulder beetles
  A hell hog (Lair:5)
  A death yak (Lair:4)
  4 shock serpents
  An occultist (D:14)
  19 naga warriors
  19 naga sharpshooters
  13 spriggans
  9 salamander mystics
  6 goliath frogs
  8 spriggan druids
  A sea snake (shapeshifter) (Vaults:1)
  6 mana vipers
  5 naga ritualists (Snake:4)
  A death drake (Swamp:4)
  5 deep trolls
  A phantasmal warrior (Swamp:4)
  3 arcanists (Vaults:1)
  6 bog bodies
  5 swamp dragons
  A deep elf zephyrmancer (Orc:2)
  Pikel (D:9)
  A harpy (D:12)
  2 ironbound convokers (Vaults:1)
  3 spectral hydras (Swamp:4)
  3 lindwurms
  An orange crystal statue (IceCv)
  2 spectral alligators (Swamp:4)
  2 obsidian bats
  An alligator zombie (Swamp:4)
  9 cyclopes
  4 deep elf pyromancers
  An orc sorcerer (Orc:2)
  24 ugly things
  5 will-o-the-wisps
  19 salamanders
  2 wolf spiders (Lair:5)
  4 manticores
  An elephant (Lair:2)
  Joseph (D:9)
  A meliai (D:14)
  A vault sentinel (Vaults:1)
  7 guardian serpents
  11 naga magi
  42 black mambas
  A torpor snail (Lair:4)
  2 gargoyles
  18 cane toads
  7 storm dragon simulacra (IceCv)
  3 swamp worm zombies (Swamp:4)
  A kobold demonologist (D:13)
  An unseen horror (D:10)
  A yaktaur (Vaults:1)
  2 rime drakes (Lair:5)
  An ice devil (Gauntlet)
  4 komodo dragons
  2 efreet (D:12)
  3 golden dragon simulacra (IceCv)
  10 tyrant leeches
  14 polar bears
  4 hydra zombies
  3 bloated husks
  11 trolls
  9 hornets
  3 spectral swamp dragons (Swamp:4)
  12 blink frogs
  8 dream sheep
  2 raiju (Lair:5)
  Sigmund (D:2)
  8 slime creatures
  A vampire (D:12)
  A shadow (D:12)
  20 wyverns
  6 tyrant leech zombies (Swamp:4)
  A culicivora (shapeshifter) (D:14)
  6 wraiths
  64 yaks
  4 fire elementals (D:14)
  2 humans (D:14)
  7 basilisks
  3 steam dragons
  11 wargs
  13 vampire mosquitoes
  58 nagas
  Edmund (D:4)
  5 acid dragons
  13 swamp worms
  14 hell hounds
  28 water moccasins
  20 orc warriors
  4 sky beasts (D:7)
  11 black bears (Lair:5)
  5 swamp dragon zombies (Swamp:4)
  16 wolves
  4 ice dragon simulacra (IceCv)
  26 ogres
  4 boggarts (D:15)
  7 centaurs
  4 lemures (D:9)
  9 phantoms
  4 kobold brigands
  3 gnoll sergeants
  8 bullfrogs
  2 scorpions
  10 killer bees
  7 lindwurm simulacra (IceCv)
  7 howler monkeys
  3 electric eels
  A crimson imp (Orc:2)
  3 hounds
  5 jellies
  2 bombardier beetles
  A gnoll bouda (D:7)
  12 orc priests
  Crazy Yiuf (D:5)
  An iron imp (Orc:2)
  3 sleepcaps
  Jessica (D:2)
  4 iguanas
  29 orc wizards
  7 hell rats (Lair:1)
  27 gnolls
  6 adders
  2 shadow imps
  4 white imps
  2 ufetubi (D:6)
  A ribbon worm (D:3)
  4 dart slugs
  102 orcs
  8 ball pythons
  5 endoplasms
  3 giant cockroaches
  9 hobgoblins
  14 jackals
  5 quokkas
  4 bats
  3 frilled lizards
  7 goblins
  22 kobolds
  4 rats
1223 creatures vanquished.

Vanquished Creatures (others)
  An ogre mage (Orc:2)
  A bloated husk (Swamp:4)
  An orc (Orc:2)
  24 foxfires
  10 spectral weapons
37 creatures vanquished.

Grand Total: 1260 creatures vanquished

Notes
Turn   | Place    | Note
-------+----------+-------------------------------------------
     0 | D:1      | Foxy the Coglin Monk began the quest for the Orb.
     0 | D:1      | Reached XP level 1. HP: 18/18 MP: 1/1
   222 | D:1      | Reached XP level 2. HP: 23/24 MP: 2/2
   533 | D:1      | Reached XP level 3. HP: 14/29 MP: 3/3
  1182 | D:2      | Reached XP level 4. HP: 35/35 MP: 4/4
  1284 | D:2      | Found a faded altar of an unknown god.
  1399 | D:2      | Noticed Jessica
  1409 | D:2      | Killed Jessica
  1487 | D:2      | Noticed Sigmund
  1522 | D:2      | Killed Sigmund
  1523 | D:2      | Reached XP level 5. HP: 3/42 MP: 5/5
  1523 | D:2      | Reached XP level 6. HP: 4/48 MP: 6/6
  2443 | D:3      | Reached skill level 5 in Short Blades
  2692 | D:3      | Reached XP level 7. HP: 21/55 MP: 7/7
  4028 | D:4      | You fall into a shaft and drop 3 floors!
  4029 | D:7      | Found a glowing golden altar of the Shining One.
  4032 | D:7      | Found a staircase to the Ecumenical Temple.
  4044 | Temple   | Entered the Ecumenical Temple
  4144 | D:6      | Reached skill level 5 in Fighting
  4430 | D:5      | Entered Level 5 of the Dungeon
  4536 | D:5      | Reached XP level 8. HP: 62/62 MP: 8/8
  4581 | D:5      | Identified the +5 spear of Butchery {speed, rF+}
  4698 | D:5      | Reached skill level 5 in Dodging
  4764 | D:4      | Noticed Edmund
  4778 | D:4      | Killed Edmund
  4868 | D:4      | Found a white marble altar of Elyvilon.
  5010 | D:4      | Found a hide-covered altar of Uskayaw.
  5849 | D:5      | Identified the +5 flail of False Accusations {pain, rN+}
  6626 | D:5      | Found a shimmering blue altar of Sif Muna.
  6808 | D:5      | Found a runed translucent door.
  6809 | D:5      | Noticed Crazy Yiuf
  6824 | D:5      | Killed Crazy Yiuf
  7120 | D:6      | Reached XP level 9. HP: 51/71 MP: 9/9
  8736 | D:7      | Found Cotwats's Weapon Shoppe.
  8846 | D:7      | Found a shimmering altar of Xom.
  8858 | D:7      | Found an iron altar of Okawaru.
  8894 | D:7      | Found a glowing silver altar of Zin.
  8920 | D:7      | Became a worshipper of Warmaster Okawaru
  8920 | D:7      | Reached * piety under Okawaru
  8920 | D:7      | Reached ** piety under Okawaru
  9036 | D:7      | Found a sparkling altar of Nemelex Xobeh.
  9091 | D:7      | Found a blossoming altar of Fedhas.
  9113 | D:7      | Noticed an oklob plant
  9279 | D:8      | Found a stormy altar of Qazlal.
  9282 | D:8      | Noticed a two-headed ogre
  9399 | D:8      | Reached skill level 1 in Stealth
  9399 | D:8      | Reached skill level 1 in Invocations
  9476 | D:8      | Reached XP level 10. HP: 42/79 MP: 10/10
  9640 | D:8      | Reached skill level 10 in Short Blades
  9640 | D:8      | Reached skill level 5 in Stealth
  9640 | D:8      | Reached skill level 5 in Invocations
  9640 | D:8      | Reached XP level 11. HP: 87/87 MP: 10/14
  9852 | D:8      | Found a radiant altar of Vehumet.
 10090 | D:8      | Killed a two-headed ogre
 10182 | D:8      | Found a sacrificial altar of Ru.
 10301 | D:8      | Found Soluk's Magic Scroll Boutique.
 10354 | D:9      | Found Wipn's Antique Weapon Emporium.
 10468 | D:9      | Noticed Pikel
 10526 | D:9      | Noticed Joseph
 10539 | D:9      | Killed Joseph
 10613 | D:9      | Reached *** piety under Okawaru
 11041 | D:9      | Found an opulent altar of Gozag.
 11727 | D:9      | Killed Pikel
 11727 | D:9      | Reached **** piety under Okawaru
 12201 | D:10     | Entered Level 10 of the Dungeon
 12502 | D:10     | Noticed a manticore
 12528 | D:10     | Killed a manticore
 12723 | D:10     | Found a staircase to the Lair.
 12903 | D:10     | Found a hazy altar of Hepliaklqana.
 13173 | D:10     | Found a shadowy altar of Dithmenos.
 13455 | D:8      | Bought a scroll of acquirement for 676 gold pieces
 13455 | D:8      | Acquired a +6 quick blade of venom
 13561 | D:11     | Noticed Harold
 13574 | D:11     | Killed Harold
 13703 | D:11     | Noticed Fannar
 13727 | D:11     | Noticed a two-headed ogre
 13737 | D:11     | Killed a two-headed ogre
 13738 | D:11     | Reached skill level 10 in Fighting
 13738 | D:11     | Reached XP level 12. HP: 95/97 MP: 17/17
 13764 | D:11     | Found Kodeapn's General Store.
 13764 | D:11     | Found a gate leading to a gauntlet.
 13809 | Gauntlet | Entered a Gauntlet
 13809 | Gauntlet | Found a transporter.
 13809 | Gauntlet | Found a transporter.
 13813 | Gauntlet | Found a transporter.
 13814 | Gauntlet | Found a transporter.
 13821 | Gauntlet | Noticed a ghost crab
 13823 | Gauntlet | Found a transporter.
 13827 | Gauntlet | Found a transporter.
 13832 | Gauntlet | Noticed a death yak
 13833 | Gauntlet | Noticed a death yak
 13834 | Gauntlet | Noticed a death yak
 13843 | Gauntlet | Found a transporter.
 13937 | Gauntlet | Found a transporter.
 13954 | Gauntlet | Found a transporter.
 13958 | Gauntlet | Found a transporter.
 13968 | Gauntlet | Found a transporter.
 13972 | Gauntlet | Found a transporter.
 14053 | Gauntlet | HP: 3/89 [spectral deep elf archer[a ghost crab] (4)]
 14063 | Gauntlet | Killed a ghost crab
 14063 | Gauntlet | Reached ***** piety under Okawaru
 14064 | Gauntlet | Reached skill level 1 in Armour
 14064 | Gauntlet | Reached skill level 1 in Evocations
 14355 | Gauntlet | Reached skill level 2 in Evocations
 14373 | Gauntlet | Noticed a soul eater
 14512 | Gauntlet | Noticed a minotaur
 14524 | Gauntlet | Killed a minotaur
 14525 | Gauntlet | Reached skill level 3 in Evocations
 14888 | D:11     | Killed Fannar
 14889 | D:11     | Reached skill level 4 in Evocations
 15348 | Lair:1   | Entered Level 1 of the Lair of Beasts
 15360 | Lair:1   | Reached skill level 5 in Evocations
 15436 | Lair:1   | Received a gift from Okawaru
 16323 | Lair:1   | Noticed Gastronok
 16338 | Lair:1   | Killed Gastronok
 16338 | Lair:1   | Received a gift from Okawaru
 16517 | Lair:1   | Reached XP level 13. HP: 82/106 MP: 18/18
 17134 | Lair:2   | Found a staircase to the Snake Pit.
 17588 | Lair:2   | Reached skill level 10 in Dodging
 17612 | Lair:1   | HP: 5/107 [poisoned by a black mamba]
 18011 | Lair:2   | Received a gift from Okawaru
 18515 | Lair:2   | Found a runed translucent door.
 18802 | Lair:2   | Identified the ring of Imaweon {Wiz rPois rF- Int+5}
 18806 | Lair:2   | Identified the +3 quarterstaff of Asanihir {drain, rC+
                  | Dex+3}
 19118 | Lair:3   | Acquired the scarf of Hedge Wizardry {rC+ rF+, Str+4 Int+3}
 19342 | Lair:3   | Found the +3 robe of Clouds {*Thunder rCloud rElec}
 19359 | Lair:3   | Received a gift from Okawaru
 19429 | Lair:3   | Reached ****** piety under Okawaru
 19430 | Lair:3   | Reached skill level 5 in Armour
 19493 | Lair:3   | Found a staircase to the Swamp.
 19790 | Lair:3   | Acquired a +1 rapier of venom
 19790 | Lair:3   | Received a gift from Okawaru
 19805 | Lair:3   | Acquired the +0 pair of boots of Usocs {rPois rF+ Str+2}
 19805 | Lair:3   | Received a gift from Okawaru
 19968 | Lair:3   | Found a runed translucent door.
 19969 | Lair:3   | Noticed Fetsenlu's ghost (journeyman CoHu)
 20240 | Lair:4   | Received a gift from Okawaru
 20370 | Lair:4   | Reached XP level 14. HP: 80/116 MP: 19/19
 21450 | Lair:5   | Entered Level 5 of the Lair of Beasts
 21614 | Lair:5   | Acquired an ablative subsystem {rPois rCorr Slay+3 Clar
                  | RMsl}
 22047 | Lair:5   | Reached skill level 6 in Evocations
 22159 | Lair:5   | Found a staircase to the Slime Pits.
 22194 | Lair:5   | Reached skill level 7 in Evocations
 22201 | Lair:5   | Received a gift from Okawaru
 22629 | Lair:5   | Reached skill level 8 in Evocations
 22796 | Lair:5   | Received a gift from Okawaru
 22948 | Lair:5   | Reached skill level 9 in Evocations
 23213 | Lair:5   | Reached skill level 10 in Evocations
 23385 | Lair:5   | Reached XP level 15. HP: 95/122 MP: 21/21
 23513 | Lair:5   | Received a gift from Okawaru
 24207 | D:12     | Found a staircase to the Orcish Mines.
 24560 | D:12     | Noticed a storm dragon
 24851 | D:12     | Noticed a fire giant
 24875 | D:12     | Killed a fire giant
 24914 | D:12     | Killed a storm dragon
 25354 | D:12     | Received a gift from Okawaru
 25485 | D:12     | Identified the staff of Hepliaklqana {rPois rN+ Will+ Conj}
 25489 | D:12     | Identified the +0 hand axe "Zythruux" {flame, Int+2 Dex+3}
 26774 | D:14     | Noticed Roxanne
 27143 | D:14     | Received a gift from Okawaru
 27484 | D:14     | Reached skill level 10 in Invocations
 27738 | D:14     | Found a gate to the Vaults.
 28124 | D:14     | Killed Roxanne
 28299 | D:14     | Noticed Azrael
 28324 | D:14     | Killed Azrael
 28470 | D:15     | Entered Level 15 of the Dungeon
 28577 | D:15     | Found a staircase to the Depths.
 28629 | D:15     | Received a gift from Okawaru
 28729 | D:15     | Reached XP level 16. HP: 132/132 MP: 23/23
 29374 | D:15     | Found Byanayk's Weapon Shoppe.
 30148 | D:8      | Bought a scroll of enchant weapon for 97 gold pieces
 30148 | D:8      | Bought a scroll of enchant armour for 97 gold pieces
 30257 | D:11     | Bought a +0 quick blade of venom for 320 gold pieces
 30312 | Orc:1    | Entered Level 1 of the Orcish Mines
 30619 | Orc:1    | Found Yplou's Antique Weapon Shoppe.
 30681 | Orc:2    | Entered Level 2 of the Orcish Mines
 30923 | Orc:1    | Found Bownelei's Vocational Training.
 31000 | Orc:2    | Found a staircase to the Elven Halls.
 31016 | Orc:2    | Found Paloxemi's Magic Scroll Emporium.
 31021 | Orc:2    | Received a gift from Okawaru
 31237 | Orc:2    | Found Memuun's Antique Armour Shoppe.
 31238 | Orc:2    | Found Jiwuelay's Antique Armour Boutique.
 31258 | Orc:2    | Found Reicvu's Armour Shoppe.
 31525 | Orc:2    | Received a gift from Okawaru
 31640 | Orc:2    | Identified the +0 hat of Blue Divine Compulsion {Will+}
 31640 | Orc:2    | Identified the +2 hat "Aptiy" {+Inv rElec Str+5 Dex-4}
 31826 | Orc:2    | Bought the +3 pair of gauntlets of War {Slay+5} for 522
                  | gold pieces
 31826 | Orc:2    | Found the +3 pair of gauntlets of War {Slay+5}
 31949 | Orc:1    | Bought a manual of Invocations for 1120 gold pieces
 32162 | Swamp:1  | Entered Level 1 of the Swamp
 32541 | Swamp:1  | Reached skill level 15 in Fighting
 33004 | Swamp:2  | Received a gift from Okawaru
 33005 | Swamp:2  | Reached XP level 17. HP: 134/142 MP: 25/25
 33125 | Swamp:2  | Reached skill level 1 in Throwing
 34016 | Swamp:3  | Received a gift from Okawaru
 35291 | Swamp:3  | Got the Almanac of Reanimation Made Easy
 35463 | Swamp:4  | Entered Level 4 of the Swamp
 35831 | Swamp:4  | Noticed a tentacled monstrosity
 35834 | Swamp:4  | Noticed a tentacled monstrosity
 36045 | Swamp:4  | Reached skill level 15 in Dodging
 36084 | Swamp:4  | Killed a tentacled monstrosity
 36084 | Swamp:4  | Received a gift from Okawaru
 36099 | Swamp:4  | Noticed Bai Suzhen
 36443 | Swamp:4  | Killed a tentacled monstrosity
 36646 | Swamp:3  | Killed Bai Suzhen
 37065 | Swamp:4  | Noticed a bone dragon
 37089 | Swamp:4  | Killed a bone dragon
 37272 | Swamp:4  | Got a decaying rune of Zot
 37516 | Snake:1  | Entered Level 1 of the Snake Pit
 37559 | Snake:1  | Received a gift from Okawaru
 37586 | Snake:1  | Reached skill level 11 in Evocations
 37649 | Snake:1  | Reached skill level 5 in Throwing
 37868 | Snake:1  | You fall into a shaft and drop 1 floor!
 37915 | Snake:2  | Reached XP level 18. HP: 60/149 MP: 27/27
 38416 | Snake:2  | Found Urghevao's Magic Scroll Emporium.
 38549 | Snake:2  | Noticed Saint Roka
 38560 | Snake:2  | HP: 4/149 [naga sharpshooter/bolt (15)]
 38972 | Snake:2  | Killed Saint Roka
 38972 | Snake:2  | Received a gift from Okawaru
 38973 | Snake:2  | Reached skill level 12 in Evocations
 39905 | Snake:1  | Reached skill level 13 in Evocations
 41024 | Snake:1  | Identified the serpent talisman of Jaogom {rC- Str-2 Int+3
                  | Dex+5}
 41024 | Snake:1  | Noticed Aizul
 41036 | Snake:1  | Killed Aizul
 41036 | Snake:1  | Received a gift from Okawaru
 41705 | Snake:3  | Received a gift from Okawaru
 42345 | Snake:3  | Found Izupreas's Weapon Boutique.
 42504 | Snake:3  | Reached skill level 14 in Evocations
 42907 | Snake:4  | Entered Level 4 of the Snake Pit
 42977 | Snake:4  | Found a glacial archway.
 42981 | IceCv    | Entered an ice cave
 43505 | IceCv    | Noticed a golden dragon
 43558 | IceCv    | Received a gift from Okawaru
 43698 | IceCv    | Killed a golden dragon
 43961 | IceCv    | Identified the amulet of Xom's Wantonness {Faith rPois}
 44047 | Snake:4  | Noticed Mara
 44121 | Snake:4  | Reached XP level 19. HP: 155/155 MP: 29/29
 45097 | Snake:4  | Reached skill level 15 in Evocations
 45126 | Snake:4  | Received a gift from Okawaru
 45710 | Snake:4  | Found an iron altar of Okawaru.
 45735 | Snake:4  | Got a serpentine rune of Zot
 45945 | Snake:4  | Reached skill level 15 in Invocations
 46228 | Snake:4  | Killed Mara
 46228 | Snake:4  | Received a gift from Okawaru
 46581 | Vaults:1 | Entered Level 1 of the Vaults
 46794 | Vaults:1 | Received a gift from Okawaru
 46929 | Vaults:1 | Reached skill level 16 in Evocations
 47021 | Vaults:1 | Killed from afar by an ironbound frostheart

Illustrated notes

Levels and vault maps discovered:
D:1:      dpeg_arrival_short_road, layout_basic, minmay_heptomino_h4
D:2:      layout_loops_corners, shapermc_ecumenical_altar_starsandcircs,
          chequers_serial_rivers_room_a, uniq_sigmund, uniq_jessica
D:3:      lemuel_castle_with_subvaults [lemuel_castle_interior_carwin_3],
          layout_basic
D:4:      layout_basic, mainiacjoe_overflow_tiny_flanked, marbit_many_paths,
          uniq_edmund
D:5:      layout_basic, tgw_sif, uniq_crazy_yiuf_cottage
D:6:      layout_layer_cave
D:7:      layout_basic, tgw_fedhas, mainiacjoe_overflow_alcove_2,
          nicolae_overflow_quartered_altars, minmay_temple_entry_crystal_x,
          serial_shops, shop, hangedman_misty_isle
D:8:      layout_basic, mainiacjoe_overflow_catwalk, grunt_qazlal_clouds,
          mainiacjoe_overflow_brackets, serial_shops,
          nicolae_shop_advertising_works [nicolae_subvault_shop_adworks]
D:9:      hellmonk_ruined_rings, layout_long_grid, grunt_gozag_statues,
          serial_shops, shop, serial_library_hellmonk_room_c, uniq_joseph,
          uniq_pikel
D:10:     layout_loops_corners, nicolae_dithmenos_the_darkroom,
          mainiacjoe_overflow_small_starburst, dpeg_oklobed_lair
D:11:     layout_roguey, serial_shops, shop, gauntlet_entry_generic,
          serial_bayou_lagoon_a, uniq_fannar, uniq_harold
D:12:     minmay_expanding_squares, layout_loops_corners, hiddenorc2_lemuel
D:13:     layout_gridville
D:14:     layout_long_grid, hellmonk_vaults_keyhole, serial_bayou_pond_c,
          uniq_azrael, uniq_roxanne
D:15:     grunt_enter_depths_hoard, layout_layer_cave,
          chequers_serial_rivers_large_b, serial_shops,
          nicolae_shop_bloodbath_and_beyond
Temple:   hellmonk_temple_of_storms
Lair:1:   layout_cellular_growth, uniq_gastronok
Lair:2:   gammafunk_lair_enchanted_lake, layout_misc_corridors,
          guppyfry_snake_entry_garden
Lair:3:   wad_woods_04, layout_hall_layers, minmay_swamp_entry_worms,
          ebering_ghost_inner_flame, serial_bayou_shore_a
Lair:4:   layout_layer_cave
Lair:5:   hangedman_lair_caniforms_friends, layout_gridlike,
          hangedman_lair_tendril_chambers, minmay_slime_entry_pillars,
          grunt_forest_stairs_basic
Swamp:1:  layout_basic_swamp, hangedman_swamp_diagram, swamp_pool_5,
          infiniplex_staircase_pool_2, nicolae_swamp_tree_isthmus
Swamp:2:  layout_falls_marsh, evilmike_swamp_ruin_house_3
Swamp:3:  layout_basic_swamp, nicolae_swamp_bean_lake, swamp_pool_4,
          nicolae_swamp_necromancy_gone_wrong
Swamp:4:  swamp_pestilence, layout_basic_swamp, swamp_pool_1_2, uniq_bai_suzhen
Snake:1:  cheibrodos_snake_lava_hold, layout_chambers, lemuel_fruit_tree,
          uniq_aizul
Snake:2:  layout_basic, serial_shops, shop, uniq_saint_roka
Snake:3:  layout_chambers, serial_shops, nicolae_shop_window_shopping
Snake:4:  grunt_snake_rune_serpentine_throne, layout_cave_pods,
          portal_ice_cave_entry_pillars_four, nicolae_snake_guarding_the_ruins,
          uniq_mara
Orc:1:    layout_caves, serial_shops, nicolae_shop_tiny_real_fake_doors,
          nicolae_shop_vocational
Orc:2:    st_orc_open, layout_caves, hangedman_minor_magic
Vaults:1: v_misc_32, v_misc_33, nicolae_vaults_puzzle_piece, vaults_dpeg_hooks,
          nicolae_vaults_network_periphery, ontoclasm_vaults_ligature,
          nicolae_vaults_storage_room_statues, nicolae_vaults_house_1,
          nicolae_vaults_little_squares_4, st_check, vaults_dpeg_ring,
          nicolae_vaults_trapezoid_lopsided_3, vaults_dpeg_diagonal,
          nicolae_vaults_network_star, layout_vaults_omnicross, serial_shops,
          nicolae_shop_tiny_real_fake_doors

Skill      XL: |  1  2  3  4  5  6  7  8  9 10 11 12 13 14 15 16 17 18 19 |
---------------+----------------------------------------------------------+-----
Short Blades   | 3 4 5 6 7 9 10 11 12 13 14 | 14.0
Dodging        | 3 4 5 6 8 9 11 12 13 14 15 | 15.8
Fighting       | 4 5 6 7 8 10 11 12 13 15 | 15.9
Stealth        | 1 5 7 8 9 |  9.1
Invocations    | 1 5 7 9 10 11 13 14 15 | 15.3
Armour         | 4 5 |  5.0
Evocations     | 5 10 11 14 16 | 16.1
Throwing       | 5 6 |  6.0

Action                     |  1- 3 |  4- 6 |  7- 9 | 10-12 | 13-15 | 16-18 | 19-21 || total
---------------------------+-------+-------+-------+-------+-------+-------+-------++-------
  Melee: Short sword       |   136 |   162 |   465 |   580 |   629 |    52 |       ||  2024
         Dagger            |       |       |   367 |   207 |       |       |       ||   574
         Quick blade       |       |       |       |   373 |  1315 |  2590 |   754 ||  5032
  Throw: Dart              |       |    13 |     4 |     8 |       |     7 |     2 ||    34
 Invoke: Heroism           |       |       |       |     1 |       |     8 |       ||     9
         Receive Weapon    |       |       |       |       |     1 |       |       ||     1
         Receive Armour    |       |       |       |       |     1 |       |       ||     1
Ability: Invent Gizmo      |       |       |       |       |     1 |       |       ||     1
  Evoke: Wand              |       |       |     2 |     8 |    11 |     9 |       ||    30
    Use: Potion            |       |     4 |     1 |     8 |     4 |     2 |       ||    19
         Scroll            |       |     4 |    13 |    10 |    11 |    11 |       ||    49
   Stab: Distracted        |       |       |    10 |    17 |    22 |     5 |     2 ||    56
         Sleeping          |       |       |     3 |     6 |    23 |    26 |    10 ||    68
 Armour: Robe              |    56 |    97 |   121 |       |   208 |   433 |   104 ||  1019
         Steam dragon scal |       |       |    30 |   104 |       |       |       ||   134
         Acid dragon scale |       |       |       |    93 |   118 |       |       ||   211
  Dodge: Dodged            |    73 |   149 |   175 |   254 |   550 |   755 |   166 ||  2122
         Repelled          |       |       |       |       |    31 |    75 |    17 ||   123

Table legend: (Time is in decaauts)
 A = Elapsed time spent in this place.
 B = Non-inter-level travel time spent in this place.
 C = Inter-level travel time spent in this place.
 D = Time resting spent in this place.
 E = Time spent auto-exploring this place.
 F = Levels seen in this place.
 G = Mean time per level.
                   A        B        C        D        E       F      G
               +--------+--------+--------+--------+--------+-----+--------+
         Total |  46762 |  44125 |   2637 |  10097 |  24572 |  34 | 1375.4 |
       Dungeon |  20945 |  19540 |   1405 |   3115 |  12628 |  15 | 1396.3 |
        Temple |      1 |      1 |      0 |      0 |      0 |   1 |    1.0 |
          Lair |   8683 |   8058 |    625 |   2076 |   4310 |   5 | 1736.6 |
         Swamp |   5516 |   5351 |    165 |   1948 |   2214 |   4 | 1379.0 |
     Snake Pit |   7660 |   7424 |    236 |   1857 |   4136 |   4 | 1915.0 |
  Orcish Mines |   1747 |   1544 |    203 |    242 |    814 |   2 |  873.5 |
        Vaults |    417 |    417 |      0 |     84 |    172 |   1 |  417.0 |
      Ice Cave |   1042 |   1042 |      0 |    427 |    267 |   1 | 1042.0 |
      Gauntlet |    748 |    748 |      0 |    346 |     30 |   1 |  748.0 |
               +--------+--------+--------+--------+--------+-----+--------+

Top non-repeatable levels by time:
 Snake:4: 2287 daAuts
  Lair:1: 2279 daAuts
  Lair:5: 2222 daAuts
    D:14: 2006 daAuts
 Snake:1: 1951 daAuts
 Swamp:4: 1813 daAuts
     D:3: 1798 daAuts
 Snake:2: 1745 daAuts
    D:12: 1697 daAuts
  Lair:2: 1685 daAuts
     D:5: 1678 daAuts
 Snake:3: 1675 daAuts
    D:15: 1652 daAuts
     D:8: 1643 daAuts
 Swamp:3: 1598 daAuts
